 Dungeon Crawl Stone Soup version 0.27.1-1-g398f81649c (webtiles) character file.

Game seed: 14611209547634607769

632 Descartes the Conjurer (level 7, -1/36 HPs)
             Began as a Deep Elf Conjurer on Sept 5, 2021.
             Slain by a wraith (9 damage)
             ... on level 6 of the Dungeon.
             The game lasted 00:18:36 (6229 turns).

Descartes the Conjurer (Deep Elf Conjurer)          Turns: 6229, Time: 00:18:36

Health: -1/36      AC:  6    Str:  6    XL:     7   Next: 24%
Magic:  9/16       EV: 12    Int: 29    God:
Gold:   183        SH:  0    Dex: 13    Spells: 9/16 levels left

rFire    . . .     SeeInvis .   w - +2 dagger (speed)
rCold    . . .     Faith    .   (no shield)
rNeg     . . .     Spirit   .   I - +0 leather armour
rPois    .         Reflect  .   v - +1 helmet
rElec    .         Harm     .   (no cloak)
rCorr    .         Rampage  .   m - +0 pair of gloves
Will     +....                  (no boots)
Stlth    ++........             i - amulet of regeneration
HPRegen  1.12/turn              k - +6 ring of intelligence
MPRegen  0.15/turn              y - ring of willpower

@: mighty, slowed, studying Throwing, invisible, very slow
A: no striking features
a: no special abilities


You were on level 6 of the Dungeon.
You visited 1 branch of the dungeon, and saw 6 of its levels.

You collected 183 gold pieces.

Inventory:

Hand Weapons
 d - a +2 whip of venom
 w - a +2 dagger of speed (weapon)
 C - a +0 hunting sling
Missiles
 h - 35 bolts
 l - 111 stones
 p - 28 arrows
 r - 3 boomerangs
 t - 37 sling bullets
 u - 12 poisoned darts
Armour
 m - a +0 pair of gloves (worn)
 v - a +1 helmet (worn)
 I - a +0 leather armour (worn)
 L - a +0 kite shield
Jewellery
 i - an amulet of regeneration (around neck)
 k - a +6 ring of intelligence (left hand)
 y - a ring of willpower (right hand)
 D - a ring of protection from cold
 K - a +6 ring of strength
Wands
 a - a wand of polymorph (8)
 x - a wand of flame (21)
Scrolls
 b - 6 scrolls of identify {unknown}
 c - 2 scrolls of noise {unknown}
 f - 3 scrolls of fog
 o - a scroll of fear {unknown}
 s - a scroll of vulnerability {unknown}
 z - 2 scrolls of torment
 B - a scroll of amnesia {unknown}
 G - a scroll of immolation {unknown}
 J - a scroll of teleportation {unknown}
Potions
 e - 2 potions of flight {unknown}
 g - a potion of invisibility
 n - 2 potions of attraction {unknown}
 q - a potion of cancellation {unknown}
 A - a potion of magic {unknown}
 E - a potion of berserk rage {unknown}
 F - a potion of haste {unknown}
 H - a potion of might


   Skills:
 + Level 1.5 Throwing
 + Level 4.3 Dodging
 + Level 4.7 Stealth
 + Level 0.2 Shields
 - Level 5.0 Spellcasting
 + Level 5.7 Conjurations
 + Level 3.6 Hexes
 + Level 3.5 Necromancy


You had 9 spell levels left.
You knew the following spells:

 Your Spells              Type           Power      Damage    Failure   Level
a - Magic Dart            Conj           100%       1d8       1%          1
b - Pain                  Necr           100%       1d9       2%          1
c - Slow                  Hex            28%        N/A       3%          2
d - Dazzling Flash        Conj/Hex       68%        N/A       4%          3

Your spell library contained the following spells:

 Spells                   Type           Power      Damage    Failure   Level
 Searing Ray              Conj           80%        3d6       1%          2
 Confusing Touch          Hex            28%        N/A       7%          3
 Vampiric Draining        Necr           13%        2d7       7%          3
 Fulminant Prism          Conj/Hex       17%        3d11      14%         4
 Animate Dead             Necr           13%        N/A       22%         4
 Iskenderun's Mystic Bla  Conj/Tloc      23%        2d6       30%         4
 Agony                    Necr           27%        N/A       54%         5
 Excruciating Wounds      Necr           13%        N/A       54%         5
 Borgnjor's Vile Clutch   Necr/Erth      8%         N/A       78%         5
 Death Channel            Necr           13%        N/A       98%         6


Dungeon Overview and Level Annotations

Branches:
Dungeon (6/15)
 Temple: D:4-7

Altars:
Fedhas
Sif Muna

Annotations:
D:5 exclusion: oklob plant


Message History

It was a potion of might.
You feel very mighty all of a sudden. The wraith hits you but does no damage.
The wraith misses you.
It was a potion of curing.
You feel better. The wraith barely misses you.
You hit the wraith.
The wraith is heavily damaged.
The wraith misses you.
You barely miss the wraith.
The wraith is heavily damaged.
The wraith hits you. The wraith drains your vigour!
You feel as though you will be slow longer.
You hit the wraith.
The wraith is severely damaged.
The wraith hits you but does no damage.
You hit the wraith but do no damage.
The wraith is severely damaged.
The wraith hits you! The wraith drains your vigour!
You feel as though you will be slow longer.
You hit the wraith but do no damage.
The wraith is severely damaged.
The wraith closely misses you.
You hit the wraith.
The wraith is severely damaged.
The wraith hits you!
* * * LOW HITPOINT WARNING * * *
You barely miss the wraith.
The wraith is severely damaged.
The wraith hits you!
* * * LOW HITPOINT WARNING * * *
The wraith drains your vigour!
You feel as though you will be slow longer.
Unknown command.
You feel better. The wraith hits you.
* * * LOW HITPOINT WARNING * * *
The wraith drains your vigour!
You feel as though you will be slow longer.
It was a potion of invisibility.
You fade into invisibility!
The wraith hits you!
You die...

#......''######
#.............#
#..........[..#
#######.......#
#. #.......# ...
##'#######..##.
#.#.......#..#
#.#....##....#
#....@.'....#
###..W.####..
####### #.....#
##.....###.....#
#......+.#.#.#.#
#......#.#.#.#.#
#..........#.#.#
#..#####.###.#.#
#..#...<.....#.#


You could see a wraith.

Vanquished Creatures
  2 black bears
  An ogre (D:5)
  A gnoll sergeant (D:5)
  2 iguanas (D:5)
  An orc wizard (D:2)
  9 gnolls
  A howler monkey skeleton (D:5)
  4 adders
  A white imp (D:5)
  4 worms
  3 dart slugs
  7 orcs
  4 ball pythons
  4 bats
  8 endoplasms
  2 giant cockroaches
  6 goblins
  3 hobgoblins
  A jackal (D:2)
  5 quokkas
  6 frilled lizards
  4 kobolds
  7 rats
86 creatures vanquished.

Vanquished Creatures (others)
  3 fungi (D:5)
  7 plants (D:5)
  11 toadstools (D:5)
21 creatures vanquished.

Grand Total: 107 creatures vanquished

Notes
Turn   | Place    | Note
-------+----------+-------------------------------------------
     0 | D:1      | Descartes the Deep Elf Conjurer began the quest for the
                  | Orb.
     0 | D:1      | Reached XP level 1. HP: 10/10 MP: 6/6
   231 | D:1      | Learned a level 1 spell: Pain
   417 | D:1      | Reached XP level 2. HP: 15/15 MP: 5/8
   552 | D:1      | Learned a level 2 spell: Slow
  1211 | D:2      | Reached skill level 1 in Hexes
  1211 | D:2      | Reached skill level 1 in Necromancy
  1211 | D:2      | Reached XP level 3. HP: 7/19 MP: 2/10
  1301 | D:2      | Found a faded altar of an unknown god.
  1312 | D:2      | Learned a level 3 spell: Dazzling Flash
  1655 | D:2      | Reached XP level 4. HP: 22/24 MP: 8/11
  2822 | D:3      | Reached skill level 5 in Conjurations
  3468 | D:4      | Reached XP level 5. HP: 28/28 MP: 9/12
  3556 | D:4      | Noticed a black bear
  3563 | D:4      | Killed a black bear
  4041 | D:4      | Found a shimmering blue altar of Sif Muna.
  4236 | D:5      | Entered Level 5 of the Dungeon
  4269 | D:5      | Noticed an ogre
  4282 | D:5      | Killed an ogre
  4283 | D:5      | Reached XP level 6. HP: 14/32 MP: 10/14
  4821 | D:5      | Found a blossoming altar of Fedhas.
  4836 | D:5      | Noticed an oklob plant
  5433 | D:5      | Reached skill level 1 in Throwing
  5433 | D:5      | Reached XP level 7. HP: 36/36 MP: 10/16
  5988 | D:6      | Noticed a wraith
  6067 | D:5      | Reached skill level 5 in Spellcasting
  6227 | D:6      | HP: 1/36 [wraith (8)]
  6229 | D:6      | Slain by a wraith

Illustrated notes

Levels and vault maps discovered:
D:1:      dpeg_arrival_chambers_temple_mockup, layout_basic
D:2:      layout_basic, shapermc_ecumenical_altar_starsandcircs, minmay_bisected
D:3:      layout_basic, chequers_jeans
D:4:      layout_basic, mainiacjoe_overflow_alcove_1, minmay_misc_feat_plants
D:5:      layout_loops_corners, tgw_fedhas
D:6:      layout_basic, dk_yredelemnul_ordeal, minmay_temple_entry_mini_moons

Skill      XL: |  1  2  3  4  5  6  7 |
---------------+----------------------+-----
Stealth        | 3 4 |  4.7
Hexes          | 1 2 3 |  3.6
Necromancy     | 1 2 3 |  3.5
Dodging        | 3 4 |  4.3
Conjurations   | 5 |  5.7
Spellcasting   | 4 5 |  5.0
Throwing       | 1 |  1.5
Shields        | |  0.2

Action                   |  1- 3 |  4- 6 |  7- 9 || total
-------------------------+-------+-------+-------++-------
Melee: Whip              |       |    19 |     6 ||    25
       Dagger            |       |       |    21 ||    21
 Cast: Magic Dart        |    48 |   163 |    51 ||   262
       Pain              |     7 |     1 |       ||     8
Evoke: Wand              |       |       |     4 ||     4
  Use: Scroll            |       |     1 |     1 ||     2
       Potion            |       |       |     4 ||     4
Armor: Robe              |     1 |     3 |       ||     4
       Leather armour    |       |    16 |    12 ||    28
Dodge: Dodged            |     3 |    48 |    27 ||    78
